 Dungeon Sprint DCSS version 0.29.1-1-gd02db6906a (webtiles) character file.

Game seed: 1801856983685434953

12 GigaChad the Covered (level 2, -4/28 HPs)
             Began as a Minotaur Fighter on Sept 19, 2022.
             Was a Believer of Trog.
             Slain by a phantom (6 damage)
             ... in the Dungeon (Sprint VI: "Thunderdome").
             The game lasted 00:00:50 (144 turns).

GigaChad the Covered (Minotaur Fighter)              Turns: 144, Time: 00:00:51

Health: -4/28      AC:  7    Str: 20    XL:     2   Next: 0%
Magic:  1/1        EV:  9    Int:  5    God:    Trog [**....]
Gold:   200        SH:  4    Dex:  9    Spells: 1/1 levels left

rFire   . . .      SeeInvis .   a - +0 long sword
rCold   . . .      Faith    .   c - +0 buckler
rNeg    . . .      Spirit   .   b - +0 scale mail
rPois   .          Reflect  .   (helmet restricted)
rElec   .          Harm     .   (no cloak)
rCorr   .          Rampage  .   (no gloves)
Will    .....      NoTele   +   (no boots)
Stlth   ..........              (no amulet)
HPRegen 0.09/turn               (no ring)
MPRegen 0.07/turn               (no ring)

@: no status effects
A: horns 2, retaliatory headbutt
a: Renounce Religion, Berserk, Trog's Hand


You were in the Dungeon.
You worshipped Trog.
Trog was pleased with you.
You visited 1 branch You collected 200 gold pieces.

Inventory:

Hand Weapons
 a - a +0 long sword (weapon)
Armour
 b - a +0 scale mail (worn)
 c - a +0 buckler (worn)
Wands
 k - a wand of acid (5)
 l - a wand of roots (5)
Scrolls
 j - 4 scrolls of blinking
 m - 3 scrolls of butterflies
Potions
 d - a potion of might
 e - a potion of curing
 f - 4 potions of heal wounds
 g - 4 potions of haste
 h - 2 potions of magic
 i - a potion of berserk rage
 n - 2 potions of resistance


   Skills:
 + Level 4.4 Fighting
 + Level 3.1 Long Blades
 + Level 4.4 Armour
 + Level 4.3 Shields


You had one spell level left.
You didn't know any spells.
Your spell library was empty.

Dungeon Overview and Level Annotations

Branches:
Dungeon (1/1)

Altars:
Cheibriados
Dithmenos
Gozag
Kikubaaqudgha
Makhleb
Okawaru
Qazlal
Ru
Sif Muna
Trog
Uskayaw
Xom
Yredelemnul
Zin
The Shining One

Shops:
D *[?**[(!!!!


Innate Abilities, Weirdness & Mutations

You have a pair of horns on your head.
You reflexively headbutt those who attack you in melee.


Message History

You block the phantom's attack.
You barely miss the phantom.
You headbutt the phantom, but do no damage.
The phantom is heavily damaged.
You block the bat skeleton's attack. The phantom barely misses you.
The bat skeleton hits you but does no damage.
You hit the phantom.
The phantom is severely damaged.
You block the bat skeleton's attack.
The bat skeleton hits you but does no damage.
The bat skeleton barely misses you.
The phantom hits you but does no damage.
You block the bat skeleton's attack.
A bat zombie comes into view.
The phantom hits you but does no damage.
You closely miss the phantom.
The phantom is severely damaged.
The bat skeleton closely misses you. You furiously retaliate!
You headbutt the bat skeleton!
You destroy the bat skeleton!
Trog accepts your kill.
You can now call upon Trog for regeneration and willpower.
The phantom barely misses you. You furiously retaliate!
You headbutt the phantom.
Your Long Blades skill increases to level 3!
You have reached level 2!
You hit the phantom but do no damage.
The phantom is severely damaged.
The bat zombie hits you but does no damage.
You block the bat zombie's attack.
The phantom hits you but does no damage.
The bat zombie hits you but does no damage.
You hit the phantom.
The phantom is almost destroyed.
The bat zombie barely misses you.
The bat zombie hits you but does no damage.
The bat zombie barely misses you. The phantom closely misses you.
You furiously retaliate!
You headbutt the phantom. The bat zombie closely misses you.
The phantom hits you.
You die...

#........ #_.......
###.........### #⌠........
..⌠# ######.8..... ..8.#
##..__......# ......_._∩#
###∩.......W8.# .8........∩
##..........@Z.###.........J.
#⌠..........###...# #........
#⌠......$...# #.<.# #........
#⌠..........###...###........
##.............###...........
###∩........8.# #.8........∩
##∩___......###......___∩#
######.8.........8.######
#⌠...........⌠#


You could see a phantom and a bat zombie.

Vanquished Creatures
  A bat skeleton (D)
  5 endoplasms (D)
6 creatures vanquished.

Notes
Turn   | Place    | Note
-------+----------+-------------------------------------------
     0 | D        | GigaChad the Minotaur Fighter began the quest for the Orb.
     0 | D        | Reached XP level 1. HP: 19/19 MP: 0/0
     2 | D        | Found an iron altar of Okawaru.
     3 | D        | Found a shimmering altar of Xom.
     3 | D        | Found an ancient bone altar of Kikubaaqudgha.
     4 | D        | Found a glowing golden altar of the Shining One.
     4 | D        | Found a snail-covered altar of Cheibriados.
     5 | D        | Found a stormy altar of Qazlal.
     5 | D        | Found Caavosad's Premium Goods.
     5 | D        | Found Coty's Weapon Rack.
     5 | D        | Round 1.
     6 | D        | Found Dulyex's Miscellaneous Merchandise.
     6 | D        | Found Xiuxaf's Basic Armour.
    10 | D        | Found a bloodstained altar of Trog.
    11 | D        | Found a glowing silver altar of Zin.
    12 | D        | Found a burning altar of Makhleb.
    16 | D        | Found Ysmosubyck's Do-It-Yourself Clinic.
    16 | D        | Found Piohivef's Bottled Wisdom.
    17 | D        | Found Zepp's Distillery.
    20 | D        | Became a worshipper of Trog the Wrathful
    23 | D        | Found a hide-covered altar of Uskayaw.
    23 | D        | Found an opulent altar of Gozag.
    23 | D        | Found Vimecidy's Distillery.
    56 | D        | Found a sacrificial altar of Ru.
    59 | D        | Found Eriev's Identification Station.
    61 | D        | Found Luekh's Advanced Armour.
    61 | D        | Found Fireiss's Jewellery.
    62 | D        | Found a shadowy altar of Dithmenos.
    62 | D        | Found a shimmering blue altar of Sif Muna.
    74 | D        | Reached * piety under Trog
    75 | D        | Found a basalt altar of Yredelemnul.
    77 | D        | HP: 1/20 [frozen (3)]
    81 | D        | Arena points: 12 (+12) [x2]
   106 | D        | Round 2.
   133 | D        | Noticed a phantom
   136 | D        | HP: 1/22 [phantom (4)]
   142 | D        | Reached ** piety under Trog
   143 | D        | Reached XP level 2. HP: 2/28 MP: 1/1
   144 | D        | Slain by a phantom

Illustrated notes

Levels and vault maps discovered:
D:        arena_sprint

Skill      XL: |  1 |
---------------+----+-----
Fighting       | 4 |  4.4
Armour         | 4 |  4.4
Shields        | 4 |  4.3
Long Blades    | 3 |  3.1

Action                   || total
-------------------------++-------
Melee: Long sword        ||    16
       Headbutt          ||     2
Armor: Scale mail        ||     9
Dodge: Dodged            ||    12
Block: Buckler           ||     6
